 Dungeon Crawl Stone Soup version 0.29.1-15-g9cfb28693d (webtiles) character file.

Game seed: 6768919665037485374

8 leafyfresh the Sneak (level 2, -4/21 HPs)
             Began as an Octopode Delver on Apr 19, 2023.
             Slain by an iguana (12 damage)
             ... on level 4 of the Dungeon.
             The game lasted 00:00:15 (106 turns).

leafyfresh the Sneak (Octopode Delver)               Turns: 106, Time: 00:00:16

Health: -4/21      AC:  1    Str: 11    XL:     2   Next: 8%
Magic:  2/2        EV: 13    Int: 12    God:
Gold:   0          SH:  0    Dex: 13    Spells: 1/1 levels left

rFire   . . .      SeeInvis .   a - +0 short sword
rCold   . . .      Faith    .   (no shield)
rNeg    . . .      Spirit   .   (helmet restricted)
rPois   .          Reflect  .   (no amulet)
rElec   .          Harm     .   (no ring)
rCorr   .          Rampage  .   (no ring)
Will    .....                   (no ring)
Stlth   ++++......              (no ring)
HPRegen 0.07/turn               (no ring)
MPRegen 0.08/turn               (no ring)
                                (no ring)
                                (no ring)

@: no status effects
A: almost no armour, amphibious, 8 rings, camouflage 1, gelatinous body 1,
(nimble swimmer 1), tentacles
a: no special abilities


You were on level 4 of the Dungeon.
You visited 1 branch of the dungeon, and saw 2 of its levels.

Inventory:

Hand Weapons
 a - a +0 short sword (weapon)
Wands
 f - a wand of digging (3)
Scrolls
 b - a scroll of fog
 c - a scroll of magic mapping
 d - a scroll of fear
Potions
 e - a potion of haste


   Skills:
 + Level 3.1 Fighting
 - Level 2.0 Short Blades
 + Level 2.2 Dodging
 + Level 6.8 Stealth


You had one spell level left.
You didn't know any spells.
Your spell library was empty.

Dungeon Overview and Level Annotations

Branches:
Dungeon (5/15)
 Temple: D:4-7

Altars:


Innate Abilities, Weirdness & Mutations

You cannot wear most types of armour.
You are amphibious.
You can wear up to eight rings at the same time.
Your skin changes colour to match your surroundings (Stealth+).
Your rubbery body absorbs attacks. (AC +1, EV +1)
((You are camouflaged when in or above water. (Stealth+)))
You have tentacles for arms and can constrict up to eight enemies at once.


Message History

You constrict the ufetubus, but do no damage.
The ufetubus closely misses you. x2
You hit the ufetubus.
You kill the ufetubus!
You have reached level 2!
HP restored.
An iguana comes into view.
There are monsters nearby!
An iguana is nearby!
There is an open door here.
You strike the helpless iguana from behind!
You hit the iguana. Your grab misses the iguana.
You squeeze the iguana, but do no damage.
The iguana is heavily wounded.
The iguana bites you.
You hit the iguana but do no damage. You grab the iguana.
You squeeze the iguana, but do no damage.
The iguana is heavily wounded.
You constrict the iguana, but do no damage.
The iguana bites you!
Ouch! That really hurt!
You are too injured to fight recklessly!
You are too injured to fight recklessly!
You are too injured to fight recklessly!
Unknown command.
You hit the iguana but do no damage.
The iguana is heavily wounded.
You constrict the iguana. The iguana closely misses you.
You hit the iguana but do no damage.
The iguana is heavily wounded.
You constrict the iguana.
The iguana bites you but does no damage.
You hit the iguana but do no damage.
The iguana is severely wounded.
You constrict the iguana. The iguana closely misses you.
You hit the iguana.
The iguana is severely wounded.
You constrict the iguana. The iguana bites you!
Ouch! That really hurt!
You die...

#...B.. .#.#####.#
#......##..........
#......#........g.
#......#.##.#...#
.......#.##.#.#.#.#
.(..............$.#
...................
.......#.##.###.#.#
########+##@###+#.#
#...l..)....#
#.............
#.............
#..........###
#............
#..........###
#....(.....#
#......)...#


You could see an iguana.

Vanquished Creatures
  An ufetubus (D:4)
  An endoplasm (D:4)
  A goblin (D:4)
3 creatures vanquished.

Notes
Turn   | Place    | Note
-------+----------+-------------------------------------------
     0 | D:5      | leafyfresh the Octopode Delver began the quest for the Orb.
     0 | D:5      | Reached XP level 1. HP: 16/16 MP: 1/1
    20 | D:4      | Reached XP level 2. HP: 15/21 MP: 2/2
   106 | D:4      | Slain by an iguana

Illustrated notes

Levels and vault maps discovered:
D:4:      layout_basic
D:5:      layout_basic, nzn_hepliaklqana_mist_gate, minitemple,
          nicolae_shop_sticking_my_neck_out

Action                   || total
-------------------------++-------
Melee: Short sword       ||    11
       Tentacles         ||     3
       Constrict         ||     2
 Stab: Sleeping          ||     1
       Distracted        ||     1
Armor: Skin              ||     1
Dodge: Dodged            ||     7
